Map: Orbital Shipyard

Players

LilDicky

  • Race: Terran Terran
  • League: Diamond

Healer - Winner!

  • Race: Terran Terran

VOD

http://www.twitch.tv/tumescentpie

Description

Time

  • Played on: Nov. 30, 2015, 11:57 a.m.
  • Length: 4:19
Show
View Real Time Build Order
Export as new Build Order

LilDicky Terran 

Build Orders:  

Get SALT Encoding   

  12  0:09  SCV  
  13  0:21  SCV  
  13  0:26  Supply Depot  
  14  0:33  SCV  
  15  0:47  SCV  
  16  0:51  Barracks  
  16  1:00  SCV  
  17  1:12  SCV  
  18  1:24  SCV, Barracks x2  
  19  1:36  SCV  
  20  1:40  Supply Depot, Marine  
  21  1:49  Orbital Command  
  21  1:58  Marine  
  22  2:13  Barracks x2  
  22  2:14  Marine x2  
  24  2:16  Marine  
  24  2:20  Supply Depot  
  25  2:23  SCV  
  26  2:32  Marine x2  
  26  2:35  Marine  
  29  2:48  Supply Depot  
  29  2:50  Marine x2  
  31  2:52  Marine  
  29  3:06  Marine x2  
  29  3:07  Marine  
  29  3:08  Marine  
  29  3:10  Marine  
  32  3:24  Marine  
  32  3:25  Marine x3  
  36  3:30  Marine  
  31  3:42  Marine x2  
  31  3:43  Marine x2  
  31  3:47  Marine  
  36  3:54  Command Center  
  36  4:00  Marine x2  
Show
View Real Time Build Order
Export as new Build Order

Healer Terran - Winner!

Build Orders: 1/1/1, Cyclone Opening 

Get SALT Encoding   

  12  0:01  SCV  
  13  0:13  SCV  
  14  0:17  Supply Depot  
  14  0:25  SCV  
  15  0:39  SCV  
  15  0:40  Barracks  
  16  0:51  SCV  
  16  0:53  Refinery x2  
  17  1:03  SCV  
  18  1:15  SCV  
  19  1:27  Orbital Command  
  19  1:28  Marine  
  19  1:31  Supply Depot  
  20  1:37  Factory  
  20  1:46  Marine  
  21  1:53  SCV  
  22  2:05  SCV  
  22  2:07  Barracks Tech Lab  
  23  2:17  SCV  
  24  2:23  Starport  
  24  2:28  Cyclone  
  24  2:29  SCV  
  28  2:32  Marine  
  28  2:35  Supply Depot  
  29  2:42  SCV  
  30  2:48  Supply Depot  
  30  2:57  SCV  
  30  3:01  Marine  
  31  3:10  Hellion, Viking  
  35  3:14  SCV  
  34  3:26  SCV  
  34  3:41  SCV  
  34  3:42  Hellion, Viking  
  34  3:44  Barracks Reactor  
  38  3:53  SCV  
  39  4:05  SCV  
Tags
 
Add a new tag
Caveats
  • Supply blocks, unpowered buildings, or Contaminate may cause inaccurate times.
  • Supply counts are checked every 10 seconds.